 Dungeon Crawl Stone Soup version 0.26-a0-651-gb41185065b (webtiles) character file.

Game seed: 9733531438718974493

61116 wullow the Scholar (level 14, -8/108 HPs)
             Began as a Demonspawn Venom Mage on Oct 15, 2020.
             Was an Elder of Sif Muna.
             Mangled by a harpy (12 damage)
             ... summoned by Kirke
             ... on level 12 of the Dungeon on Oct 17, 2020.
             The game lasted 03:14:50 (35349 turns).

wullow the Scholar (Demonspawn Venom Mage)         Turns: 35349, Time: 03:14:51

Health: -8/108     AC:  0    Str: 10    XL:     14   Next: 59%
Magic:  0/29       EV: 20    Int: 20    God:    Sif Muna [****..]
Gold:   622        SH:  0    Dex: 14    Spells: 7/36 levels left

rFire    . . .     SeeInvis .   (weapon currently unavailable)
rCold    . . .     Faith    .   (shield currently unavailable)
rNeg     . . .     Spirit   +   (armour currently unavailable)
rPois    .         Reflect  .   (helmet currently unavailable)
rElec    .         Harm     .   (cloak currently unavailable)
rCorr    .         Rampage  .   (gloves currently unavailable)
MR       +....                  (boots currently unavailable)
Stlth    +++.......             (no amulet)
HPRegen  0.28/turn              (ring currently unavailable)
MPRegen  0.21/turn              (ring currently unavailable)

@: agile, pig-form, slowed
A: small, powered by pain 2, magic shield
a: Channel Magic, Forget Spell, Divine Exegesis, Renounce Religion


You were on level 12 of the Dungeon.
You worshipped Sif Muna.
Sif Muna was greatly pleased with you.
You were a filthy swine.
You visited 3 branches of the dungeon, and saw 19 of its levels.
You also visited: Volcano.

You collected 1299 gold pieces.
You spent 677 gold pieces at shops.

Inventory:

Hand Weapons
 V - a +3 rapier of electrocution (melded)
Missiles
 c - 435 stones (quivered)
 s - 4 throwing nets
Armour
 j - a +2 buckler (melded)
 q - a +0 cloak (melded)
 r - a +0 pair of gloves (melded)
 y - a +1 robe of cold resistance
 D - a +2 hat of intelligence (melded)
 J - a +2 pair of boots (melded)
 W - a +2 robe of fire resistance (melded)
Jewellery
 f - a ring of poison resistance (melded)
 g - a +6 ring of intelligence (melded)
 o - an uncursed ring of magical power
 x - an uncursed ring of ice
 I - an uncursed ring of fire
 P - a +6 ring of dexterity
Wands
 m - a wand of paralysis (39)
 A - a wand of digging (4)
 H - a wand of iceblast (14)
 R - a wand of acid (40)
Scrolls
 b - 11 scrolls of teleportation
 d - 2 scrolls of fog
 e - 3 scrolls of remove curse
 i - 4 scrolls of identify
 k - a scroll of acquirement
 p - 2 scrolls of enchant armour
 t - a scroll of magic mapping {unknown}
 v - a scroll of fear
 C - a scroll of silence
 E - 3 scrolls of blinking
 G - 5 scrolls of amnesia
 O - 4 scrolls of enchant weapon
Potions
 a - 2 potions of brilliance
 h - 5 potions of stabbing
 l - 2 potions of invisibility
 n - 8 potions of curing
 u - a potion of magic
 w - 2 potions of cancellation
 z - 2 potions of resistance
 M - 2 potions of haste
 N - 5 potions of heal wounds
 X - 2 potions of might
 Y - a potion of flight
Miscellaneous
 F - a box of beasts (3/3)


   Skills:
 - Level 9.0 Fighting
 + Level 9.0 Short Blades
 - Level 2.0 Dodging
 - Level 4.0 Stealth
 - Level 4.0 Shields
 + Level 11.7 Spellcasting
 - Level 9.0 Conjurations
 - Level 3.0 Hexes
 * Level 3.0 Summonings
 - Level 2.0 Transmutations
 - Level 6.2 Fire Magic
 - Level 7.0 Air Magic
 - Level 6.0 Poison Magic
 - Level 12.0 Invocations
 - Level 1.0 Evocations


You had 7 spell levels left.
You knew the following spells:

 Your Spells              Type           Power        Failure   Level
a - Sting                 Tmut/Pois      ####         1%          1
b - Poisonous Vapours     Pois/Air       #####.       1%          2
c - Mephitic Cloud        Conj/Pois/Air  #####...     1%          3
d - Ignite Poison         Fire/Tmut/Pois ####....     2%          3
e - Fireball              Conj/Fire      #####.....   7%          5
f - Swiftness             Air            #####...     1%          2
g - Sticky Flame          Conj/Fire      #####...     2%          4
h - Airstrike             Air            #####.....   3%          4
i - Summon Mana Viper     Hex/Summ       ###.....     43%         5

Your spell library contained the following spells:

 Spells                   Type           Power        Failure   Level
 Foxfire                  Conj/Fire      ####         1%          1
 Magic Dart               Conj           ####         1%          1
 Shock                    Conj/Air       ####         1%          1
 Summon Small Mammal      Summ           ###.         1%          1
 Conjure Flame            Conj/Fire      #####...     1%          3
 Static Discharge         Conj/Air       #####...     1%          3
 Call Imp                 Summ           ###.....     2%          2
 Slow                     Hex            ###.....     2%          2
 Inner Flame              Hex/Fire       ####....     2%          3
 Olgreb's Toxic Radiance  Pois           #####...     4%          4
 Lightning Bolt           Conj/Air       #####.....   6%          5
 Blink                    Tloc           N/A          9%          2
 Gell's Gravitas          Tloc           ##........   17%         3
 Lesser Beckoning         Tloc           ##........   17%         3
 Teleport Other           Tloc           ##......     17%         3
 Bolt of Magma            Conj/Fire/Erth ####......   21%         5
 Passage of Golubria      Tloc           N/A          50%         4
 Freezing Cloud           Conj/Ice/Air   ####......   69%         6
 Haunt                    Necr/Summ      ###.......   100%        7
 Monstrous Menagerie      Summ           ###.......   100%        7


Dungeon Overview and Level Annotations

Branches:
Dungeon (12/15)            Temple (1/1) D:7            Lair (6/6) D:10
  Swamp (0/4) Lair:2       Spider (0/4) Lair:4        Slime (0/5) Lair:6
    Orc (0/2) D:10        Volcano (visited)

Altars:
Ashenzari
Cheibriados
Dithmenos
Elyvilon
Fedhas
Gozag
Hepliaklqana
Kikubaaqudgha
Makhleb
Nemelex Xobeh
Okawaru
Qazlal
Ru
Sif Muna
Trog
Uskayaw
Vehumet
Wu Jian
Xom
Yredelemnul
Zin
The Shining One
Jiyva

Shops:
D:8 ?(   D:10 [   D:11 ?

Annotations:
D:9 1 exclusion
D:12 Kirke
Lair:3 1 runed translucent door, Domino's ghost, journeyman MiBe


Innate Abilities, Weirdness & Mutations

((You have sharp fingernails.))
((You are partially covered in thin metallic scales. (AC +2)))
You sometimes gain power by taking damage.
When hurt, damage is shared between your health and your magic reserves.


Message History

Kirke casts a spell.
Kirke flickers and vanishes!
Deactivating autopickup; reactivate with Ctrl-A.
The harpy claws you. The harpy claws you! The harpy closely misses you. x2
The harpy claws you. The harpy claws you! The harpy misses you.
The harpy claws you. The harpy barely misses you. The harpy closely misses you.
The harpy claws you!
* * * LOW HITPOINT WARNING * * *
The harpy claws you!
* * * LOW HITPOINT WARNING * * *
The harpy closely misses you. The harpy claws you.
* * * LOW HITPOINT WARNING * * *
The harpy screeches!
The harpy misses you. The harpy closely misses you. The harpy claws you!
* * * LOW HITPOINT WARNING * * *
You focus on the pain.
You feel agile all of a sudden. The harpy claws you!
You die...

##.....#..##.....##[..##(...
#..........)......[))..((..#
#..................###..#..#
#..#.......####...###..##.#
#..............##o.#..###..
#...<.......... ##....###..
#...##.......##.# #.....#..#
#.# ##.....###h####h......##
.. #.###.hHH.hh#).....#.# .
#.# ##.H###.oc....##.## ##.#
#.## ##......##..# ##..#
#.## ##.........)# ....#
#..# #..#..##.....
....###..###.###...#.... ..
###...#..##.## ##......# ..
#........####......# .#
##........#........#


You could see 3 harpies, 3 hogs, an orc warrior and a centaur.

Vanquished Creatures
  Gastronok (D:11)
  Nessos (D:12)
  Snorg (Lair:3)
  Fannar (D:12)
  Josephine (D:11)
  Harold (D:11)
  Erica (D:8)
  7 hydras
  A merfolk avatar (Lair:6)
  5 two-headed ogres
  An ogre mage (Volcano)
  10 death yaks
  A sea snake (Lair:5)
  2 unseen horrors
  Pikel (D:5)
  An orb spider (Lair:4)
  4 oklob plants (Lair:2)
  2 ugly things
  3 elephants
  A manticore (Lair:6)
  3 centaur zombies
  4 black mambas
  Joseph (D:7)
  Maurice (D:8)
  7 cane toads
  3 rime drakes (Lair:6)
  11 komodo dragons
  A wind drake (Lair:6)
  2 polar bears (Lair:6)
  4 trolls
  4 hornets
  Grinder (D:3)
  Prince Ribbit (D:5)
  7 dream sheep
  22 blink frogs
  12 hippogriffs
  4 wyverns
  3 wraiths (D:11)
  29 yaks
  2 basilisks
  4 hogs (D:12)
  Eustachio (D:5)
  4 insubstantial wisps (Lair:2)
  Edmund (D:6)
  17 water moccasins
  9 porcupines
  An ice beast (D:10)
  A phantom (D:7)
  A black bear (D:8)
  6 ogres
  4 sky beasts
  5 orc warriors
  6 wolves (Lair:5)
  6 centaurs (D:12)
  11 crocodiles
  3 lemures (D:5)
  7 bullfrogs
  3 scorpions
  6 killer bees
  4 wights (D:9)
  An electric eel (Lair:2)
  7 howler monkeys
  2 lava snakes (D:9)
  4 jellies
  5 hounds
  A bullfrog zombie (D:5)
  6 orc priests
  Ijyb (D:4)
  2 bullfrog skeletons
  3 centaur skeletons
  Terence (D:2)
  5 iguanas
  11 worker ants
  10 orc wizards
  A killer bee zombie (D:7)
  The ghost of suvakkihuora the Sneak, a weakling FoDe (D:11)
  2 hound skeletons
  10 adders
  4 gnolls (D:8)
  9 river rats (D:5)
  A shadow imp (D:8)
  7 white imps
  An ufetubus (D:8)
  An adder skeleton (D:8)
  A worm (D:2)
  2 dart slugs
  6 leopard geckos
  45 orcs
  10 bats
  4 giant cockroaches
  7 goblins
  7 hobgoblins
  8 jackals
  6 kobolds
  9 quokkas
  5 frilled lizards
  A leopard gecko skeleton (D:8)
  A quokka skeleton (D:4)
  28 rats
  A butterfly (Lair:6)
505 creatures vanquished.

Vanquished Creatures (others)
  A two-headed ogre (Volcano)
  A fire vortex (Lair:2)
  53 fungi
  177 plants
232 creatures vanquished.

Grand Total: 737 creatures vanquished

Notes
Turn   | Place    | Note
-------+----------+-------------------------------------------
     0 | D:1      | wullow the Demonspawn Venom Mage began the quest for the
                  | Orb.
     0 | D:1      | Reached XP level 1. HP: 13/13 MP: 3/3
    72 | D:1      | Reached skill level 1 in Transmutations
   269 | D:1      | Gained mutation: You sometimes gain a little power by
                  | taking damage. [demonic ancestry]
   269 | D:1      | Reached XP level 2. HP: 17/19 MP: 1/5
   419 | D:1      | Learned a level 2 spell: Poisonous Vapours
  1239 | D:2      | Reached XP level 3. HP: 20/25 MP: 0/6
  1382 | D:2      | Noticed Terence
  1392 | D:2      | Killed Terence
  1392 | D:2      | Reached skill level 1 in Fighting
  1401 | D:2      | Learned a level 3 spell: Mephitic Cloud
  1935 | D:2      | Reached skill level 1 in Air Magic
  1935 | D:2      | Reached XP level 4. HP: 32/32 MP: 3/8
  2390 | D:3      | Noticed Grinder
  2547 | D:3      | Paralysed by Grinder for 6 turns
  2566 | D:3      | Paralysed by Grinder for 4 turns
  2576 | D:3      | Killed Grinder
  2576 | D:3      | Reached XP level 5. HP: 25/38 MP: 3/10
  2576 | D:3      | Reached XP level 6. HP: 29/44 MP: 3/11
  2581 | D:3      | Learned a level 3 spell: Ignite Poison
  3821 | D:4      | Reached skill level 1 in Fire Magic
  4243 | D:4      | Noticed Ijyb
  4251 | D:4      | Killed Ijyb
  4379 | D:4      | Reached XP level 7. HP: 51/51 MP: 13/13
  4874 | D:5      | Entered Level 5 of the Dungeon
  5303 | D:5      | Noticed Pikel
  5357 | D:5      | Killed Pikel
  5357 | D:5      | Reached skill level 5 in Spellcasting
  5605 | D:5      | Noticed Prince Ribbit
  5622 | D:5      | Killed Prince Ribbit
  5622 | D:5      | Gained mutation: You sometimes gain power by taking damage.
                  | [demonic ancestry]
  5622 | D:5      | Reached XP level 8. HP: 53/58 MP: 6/16
  5710 | D:5      | Noticed Eustachio
  5737 | D:5      | Killed Eustachio
  6802 | D:6      | Reached skill level 5 in Conjurations
  7482 | D:6      | Gained mutation: You have sharp fingernails. [demonic
                  | ancestry]
  7482 | D:6      | Reached XP level 9. HP: 46/65 MP: 3/18
  7593 | D:6      | Noticed Edmund
  7603 | D:6      | Killed Edmund
  7603 | D:6      | Reached skill level 5 in Poison Magic
  8216 | D:7      | Found a staircase to the Ecumenical Temple.
  8216 | D:7      | Noticed Joseph
  8631 | D:7      | Found an ornate altar of the Wu Jian Council.
  9200 | D:7      | Found a white marble altar of Elyvilon.
  9449 | Temple   | Entered the Ecumenical Temple
  9544 | Temple   | Became a worshipper of Sif Muna the Loreminder
 10149 | D:7      | Killed Joseph
 10376 | D:8      | Found Berayras's Antique Weapon Shoppe.
 10386 | D:8      | Reached skill level 1 in Invocations
 10583 | D:8      | Noticed a two-headed ogre
 10601 | D:8      | Killed a two-headed ogre
 10601 | D:8      | Reached skill level 3 in Invocations
 10601 | D:8      | Reached XP level 10. HP: 73/73 MP: 2/21
 10782 | D:8      | Noticed Maurice
 10788 | D:8      | Killed Maurice
 10788 | D:8      | Reached skill level 5 in Fighting
 10788 | D:8      | Reached skill level 4 in Invocations
 11056 | D:8      | Reached skill level 5 in Invocations
 11316 | D:8      | Reached * piety under Sif Muna
 11534 | D:8      | Found Luqon's Magic Scroll Shoppe.
 11537 | D:8      | Bought a scroll of remove curse for 30 gold pieces
 11537 | D:8      | Bought a scroll of enchant weapon for 75 gold pieces
 11697 | D:8      | Noticed Erica
 11710 | D:8      | Killed Erica
 12181 | D:9      | Reached skill level 6 in Invocations
 12822 | D:9      | Noticed a two-headed ogre
 13157 | D:9      | Killed a two-headed ogre
 13157 | D:9      | Reached skill level 5 in Fire Magic
 13157 | D:9      | Reached skill level 7 in Invocations
 13340 | D:9      | Noticed a two-headed ogre
 13344 | D:9      | Reached ** piety under Sif Muna
 13530 | D:9      | Learned a level 5 spell: Fireball
 13696 | D:9      | Learned a level 2 spell: Swiftness
 13701 | D:9      | Learned a level 4 spell: Sticky Flame
 13777 | D:9      | Reached XP level 11. HP: 80/80 MP: 3/24
 14090 | D:9      | Noticed a fire dragon
 14091 | D:9      | Reached skill level 8 in Invocations
 14359 | D:9      | Killed a two-headed ogre
 14776 | D:10     | Entered Level 10 of the Dungeon
 14835 | D:10     | Found a staircase to the Orcish Mines.
 14848 | D:10     | Found Vixun's Armour Shoppe.
 15739 | D:10     | Found a staircase to the Lair.
 15996 | D:10     | Killed an unseen horror
 15996 | D:10     | Reached skill level 1 in Shields
 17263 | Lair:1   | Entered Level 1 of the Lair of Beasts
 17271 | Lair:1   | Reached skill level 10 in Spellcasting
 17770 | Lair:1   | Reached *** piety under Sif Muna
 18087 | Lair:1   | Reached skill level 5 in Air Magic
 18098 | Lair:1   | Learned a level 4 spell: Airstrike
 18312 | Lair:1   | Noticed a four-headed hydra
 18321 | Lair:1   | Killed a four-headed hydra
 18720 | Lair:2   | Gained mutation: When hurt, damage is shared between your
                  | health and your magic reserves. [demonic ancestry]
 18720 | Lair:2   | Reached XP level 12. HP: 91/91 MP: 10/26
 20424 | Lair:2   | Found a staircase to the Swamp.
 20608 | Lair:2   | Reached skill level 9 in Invocations
 22136 | Lair:3   | Noticed a seven-headed hydra
 22598 | Lair:3   | Found a runed translucent door.
 22599 | Lair:3   | Noticed Domino's ghost (journeyman MiBe)
 22631 | Lair:3   | Noticed Snorg
 22642 | Lair:3   | Killed Snorg
 22888 | Lair:3   | Reached skill level 10 in Invocations
 23156 | Lair:3   | Killed a seven-headed hydra
 24205 | Lair:4   | Reached skill level 1 in Short Blades
 24467 | Lair:4   | Found a hole to the Spider Nest.
 24471 | Lair:4   | Gained mutation: You are partially covered in thin metallic
                  | scales. (AC +2) [demonic ancestry]
 24471 | Lair:4   | Reached XP level 13. HP: 101/101 MP: 11/28
 24781 | Lair:5   | Reached **** piety under Sif Muna
 24875 | Lair:5   | Found a dark tunnel.
 24884 | Volcano  | Entered a volcano
 24911 | Volcano  | Reached skill level 11 in Invocations
 24947 | Volcano  | Noticed a red draconian
 25117 | Lair:5   | Got a masterwork chain mail
 25673 | Lair:5   | HP: 2/101 [death yak (23)]
 25772 | Lair:5   | Reached skill level 12 in Invocations
 26940 | Lair:1   | Identified the +2 chain mail "Cyhe" {Dex+4} (You found it
                  | on level 5 of the Lair of Beasts)
 27138 | D:11     | Reached skill level 5 in Short Blades
 27243 | D:11     | Found Siofirem's Magic Scroll Boutique.
 27254 | D:11     | Bought a scroll of acquirement for 572 gold pieces
 27315 | D:11     | Noticed Harold
 27470 | D:11     | Killed Harold
 27663 | D:11     | Found a runed translucent door.
 27665 | D:11     | Noticed suvakkihuora's ghost (weakling FoDe)
 27671 | D:11     | Killed suvakkihuora's ghost
 28214 | D:11     | Noticed Gastronok
 28297 | D:11     | Killed Gastronok
 28429 | D:11     | Noticed Josephine
 28435 | D:11     | Killed Josephine
 29546 | D:12     | Noticed Fannar
 29707 | D:12     | Noticed Nessos
 29718 | D:12     | Killed Nessos
 30170 | Lair:6   | Entered Level 6 of the Lair of Beasts
 30650 | Lair:6   | Reached XP level 14. HP: 92/108 MP: 19/29
 31929 | Lair:6   | Reached skill level 1 in Evocations
 32292 | D:12     | Reached ***** piety under Sif Muna
 32300 | D:12     | Identified Sif Muna's Reference Book on Summoning and Fire
                  | (Sif Muna gifted it to you on level 12 of the Dungeon)
 32300 | D:12     | Received a gift from Sif Muna
 32507 | D:11     | Learned a level 5 spell: Summon Mana Viper
 32546 | D:12     | Got an ivory great sword
 32644 | Lair:1   | Identified the cursed +0 great sword "Zofyanot" {speed,
                  | Fragile Str+3 Int+6 Dex+2} (You found it on level 12 of the
                  | Dungeon)
 32929 | Lair:6   | Reached skill level 1 in Hexes
 32929 | Lair:6   | Reached skill level 1 in Summonings
 33737 | Lair:6   | Found a viscous altar of Jiyva.
 33737 | Lair:6   | Found a staircase to the Slime Pits.
 33928 | Lair:6   | Got a vibrating ruby amulet
 33949 | Lair:6   | Got a pitted scale mail
 34249 | Lair:6   | Identified the amulet of Neheni {Inacc Dex+5} (You found it
                  | on level 6 of the Lair of Beasts)
 34494 | Lair:1   | Identified the +6 scale mail of Cateut {Harm rF+} (You
                  | found it on level 6 of the Lair of Beasts)
 34871 | D:12     | Killed Fannar
 35135 | D:12     | Noticed Kirke
 35349 | D:12     | HP: 4/108 [harpy[Kirke] (11)]
 35349 | D:12     | Mangled by a harpy

Illustrated notes

Levels and vault maps discovered:
D:1:      eino_arrival_cavern_a, layout_basic
D:2:      layout_basic, uniq_terence
D:3:      layout_basic, serial_rivers, chequers_serial_rivers_micro_e,
          chequers_serial_rivers_micro_c, chequers_serial_rivers_micro_b,
          chequers_serial_rivers_large_b, uniq_grinder
D:4:      layout_cave_pools, grunt_decor_resistance,
          hangedman_abyss_or_decor_slice, uniq_ijyb
D:5:      lemuel_ratsnest, layout_loops_corners, uniq_prince_ribbit1,
          uniq_eustachio, uniq_pikel
D:6:      layout_loops_ring, uniq_edmund
D:7:      layout_basic, nicolae_overflow_crystal_walls,
          minmay_temple_entry_statues_fountains, elyvilon_altar_5, uniq_joseph
D:8:      layout_basic, serial_shops, nicolae_shop_window_shopping, shop,
          uniq_maurice, uniq_erica
D:9:      dragon1_lemuel, layout_cave_pods
D:10:     layout_grid_maze, david_lair_generic, orc_david_3
D:11:     layout_roguey, gammafunk_ghost_grave, serial_shops, shop,
          minmay_variable_closet, water_boxes_lemuel, uniq_josephine,
          uniq_harold, uniq_gastronok
D:12:     layout_layer_cave, uniq_nessos, uniq_kirke, uniq_fannar
Temple:   minmay_crystal_snake_temple
Lair:1:   layout_cave_shapes, grunt_megastairs_2
Lair:2:   layout_gridlike, minmay_swamp_entry_wisps, minmay_lair_oklob_chamber
Lair:3:   layout_roguey, gammafunk_ghost_grave, serial_forest,
          infiniplex_forest_lined_3_way, infiniplex_forest_straight_5,
          infiniplex_forest_straight_1, infiniplex_forest_straight_2,
          infiniplex_forest_straight_4, infiniplex_forest_zigzag_1,
          infiniplex_forest_clump_double, infiniplex_forest_lined_2,
          grunt_megastairs_1, uniq_snorg
Lair:4:   layout_cave_pods, nicolae_spider_entry_orb_guardian
Lair:5:   layout_loops_ring, nicolae_volcano_entry_hallway,
          hangedman_lair_unloving_vines
Lair:6:   gammafunk_lair_ancient_temple, layout_long_grid, slime_altar_1,
          lemuel_fruit_fields

Skill      XL: |  1  2  3  4  5  6  7  8  9 10 11 12 13 14 |
---------------+-------------------------------------------+-----
Transmutations | 1 2 |  2.0
Stealth        | 2 4 |  4.0
Dodging        | 2 |  2.0
Fighting       | 1 2 3 4 5 7 9 |  9.0
Air Magic      | 1 2 3 5 6 7 |  7.0
Spellcasting   | 3 4 5 6 7 9 10 11 | 11.7
Conjurations   | 2 3 4 5 6 7 8 9 |  9.0
Fire Magic     | 1 2 4 5 6 |  6.2
Poison Magic   | 4 6 |  6.0
Invocations    | 3 7 8 10 12 | 12.0
Shields        | 4 |  4.0
Short Blades   | 1 7 9 |  9.0
Evocations     | 1 |  1.0
Hexes          | 3 |  3.0
Summonings     | 3 |  3.0

Action                   |  1- 3 |  4- 6 |  7- 9 | 10-12 | 13-15 || total
-------------------------+-------+-------+-------+-------+-------++-------
Melee: Dagger            |    26 |    30 |   178 |   125 |   157 ||   516
       Rapier            |       |       |       |       |    26 ||    26
       Unarmed           |       |       |       |       |     1 ||     1
Throw: Stone             |       |       |       |       |     2 ||     2
 Cast: Sting             |    54 |    63 |   180 |   206 |   150 ||   653
       Poisonous Vapours |     1 |    23 |    79 |   143 |   124 ||   370
       Mephitic Cloud    |       |       |    18 |   110 |    70 ||   198
       Ignite Poison     |       |       |    11 |    85 |    48 ||   144
       Sticky Flame      |       |       |       |    14 |    15 ||    29
       Fireball          |       |       |       |    35 |    11 ||    46
       Airstrike         |       |       |       |     3 |    62 ||    65
       Swiftness         |       |       |       |       |     4 ||     4
Invok: Channel Magic     |       |       |       |     1 |     3 ||     4
Evoke: Wand              |       |       |       |       |     1 ||     1
  Use: Scroll            |       |     3 |     7 |     6 |    24 ||    40
       Potion            |       |       |       |     2 |     1 ||     3
 Stab: Sleeping          |     1 |     1 |       |       |       ||     2
       Confused          |       |       |     2 |       |     4 ||     6
       Distracted        |       |       |     2 |       |       ||     2
Armor: Robe              |    11 |    10 |    71 |    87 |   101 ||   280
Dodge: Dodged            |    29 |    32 |   150 |   172 |   140 ||   523
Block: Buckler           |       |       |       |    17 |    59 ||    76

Table legend: (Time is in decaauts)
 A = Elapsed time spent in this place.
 B = Non-inter-level travel time spent in this place.
 C = Inter-level travel time spent in this place.
 D = Time resting spent in this place.
 E = Time spent auto-exploring this place.
 F = Levels seen in this place.
 G = Mean time per level.
                   A        B        C        D        E       F      G
               +--------+--------+--------+--------+--------+-----+--------+
         Total |  35413 |  33116 |   2297 |  14278 |  12944 |  20 | 1770.7 |
       Dungeon |  21829 |  20424 |   1405 |   7652 |   9167 |  12 | 1819.1 |
        Temple |    212 |    184 |     28 |      0 |    181 |   1 |  212.0 |
          Lair |  13292 |  12428 |    864 |   6596 |   3596 |   6 | 2215.3 |
       Volcano |     78 |     78 |      0 |     30 |      0 |   1 |   78.0 |
               +--------+--------+--------+--------+--------+-----+--------+

Top non-repeatable levels by time:
    D:10: 3652 daAuts
  Lair:2: 3093 daAuts
  Lair:5: 2800 daAuts
    D:11: 2511 daAuts
     D:9: 2361 daAuts
  Lair:6: 2303 daAuts
     D:8: 2041 daAuts
     D:5: 2038 daAuts
  Lair:4: 1802 daAuts
     D:7: 1788 daAuts
  Lair:3: 1702 daAuts
  Lair:1: 1590 daAuts
     D:6: 1449 daAuts
     D:3: 1441 daAuts
     D:2: 1239 daAuts
